 Dungeon Crawl Stone Soup version bcrawl-1.13-2-g5ca86534bc (webtiles) character file.

Game seed: 9619342666490249101

278 Lokunos the Sneak (level 6, -2/39 HPs)
             Began as a Kobold Rogue on July 30, 2019.
             Slain by Duvessa
             ... wielding a +0 short sword of speed
              (4 damage)
             ... on level 4 of the Dungeon.
             The game lasted 00:15:52 (2864 turns).

Lokunos the Sneak (Kobold Rogue)                    Turns: 2864, Time: 00:15:52

Health: -2/39      AC:  4    Str: 10    XL:     6   Next: 51%
Magic:  7/7        EV: 15    Int: 17    God:
Gold:   234        SH:  0    Dex: 17    Spells: 5/5 levels left

rFire    . . .     SeeInvis .   a - +3 dagger
rCold    . . .     Gourm    .   (shield restricted)
rNeg     + . .     Faith    .   c - +0 robe
rPois    .         Spirit   .   (no helmet)
rElec    .         Reflect  .   d - +0 cloak
rCorr    .         Harm     .   q - +0 pair of gloves
MR       .....                  (no boots)
Stlth    ++++......             (no amulet)
HPRegen  0.13/turn              j - ring of positive energy
MPRegen  0.10/turn              (no ring)

@: brilliant
A: small, carnivore, mutation resistance 1
a: no special abilities


You were on level 4 of the Dungeon.
You were not hungry.

You visited 1 branch of the dungeon, and saw 4 of its levels.

You collected 234 gold pieces.

Inventory:

Hand Weapons
 a - a +3 dagger (weapon)
 b - a +0 blowgun
 u - a +2 hunting sling of flaming
 v - a +2 hand axe of electrocution
Missiles
 e - 36 poisoned needles (quivered)
Armour
 c - a +0 robe (worn)
 d - a +0 cloak (worn)
 q - a +0 pair of gloves (worn)
Jewellery
 j - a ring of positive energy (left hand)
Wands
 f - a wand of flame (15)
 g - a wand of enslavement (14)
Scrolls
 i - 5 scrolls of remove curse
 o - a scroll of magic mapping
 r - 3 scrolls of fear
 t - a scroll of amnesia {unknown}
 w - a scroll of fog {unknown}
Potions
 k - 4 potions of berserk rage
 l - 2 potions of heal wounds {unknown}
 m - 2 potions of cancellation {unknown}
 n - a potion of lignification {unknown}
 p - 2 potions of brilliance
 s - a potion of curing {unknown}
Comestibles
 h - 9 rations {!d}


   Skills:
 * Level 1.7 Fighting
 + Level 4.6 Short Blades
 + Level 4.1 Throwing
 * Level 1.8 Dodging
 + Level 7.6 Stealth
 + Level 2.5 Evocations


You had 5 spell levels left.
You didn't know any spells.
Your spell library was empty.

Dungeon Overview and Level Annotations

Branches:
Dungeon (4/12)
 Temple: D:4-7

Altars:
Lugonu
Yredelemnul

Annotations:
D:4 Duvessa


Innate Abilities, Weirdness & Mutations

You are small and have problems with some larger weapons.
You are carnivorous and can eat meat at any time.
You are somewhat resistant to further mutation.


Message History

Duvessa completely misses you.
You hit Duvessa but do no damage.
Duvessa is lightly wounded.
Duvessa misses you.
Aiming: Enslavement
Press: ? - help, Shift-Dir - straight line, f/p - Duvessa
Aim: Duvessa, wielding a +0 short sword of speed and wearing a +1 leather armour of cold resistance (lightly wounded, berserk, fast, unusually strong, poisoned, chance to defeat MR: 35%) Duvessa easily resists.
Duvessa hits you with a +0 short sword of speed!
* * * LOW HITPOINT WARNING * * *
Duvessa hits you but does no damage.
It was a potion of brilliance.
You feel clever all of a sudden.
Duvessa hits you with a +0 short sword of speed!
* * * LOW HITPOINT WARNING * * *
Duvessa closely misses you.
You hit Duvessa.
Duvessa is moderately wounded.
Duvessa hits you with a +0 short sword of speed.
You die...

#........##
#......##
#....#...#
##....##
....###...#
#.....### ...##
#...# ##.......#
..## #....#
#......... ..
#....#
###..####... .#
#.....####.....#
###
.......e.....#
...##...@#....#
#....##...#
##..(###...#
#...# #...#
#...# #o.. ##..#
... #..# #..#


You could see Duvessa (berserk).

Vanquished Creatures
  An ogre (D:3)
  Dowan (D:4)
  A bullfrog zombie (D:4)
  5 adders
  An adder skeleton (D:3)
  A worm (D:3)
  A dart slug (D:1)
  5 leopard geckos
  An orc (D:3)
  A ball python (D:3)
  4 giant cockroaches
  7 hobgoblins
  5 jackals (D:3)
  A quokka (D:2)
  3 bats (D:1)
  6 frilled lizards
  3 goblins
  11 kobolds
  5 rats
63 creatures vanquished.

Notes
Turn   | Place    | Note
-------+----------+-------------------------------------------
     0 | D:1      | Lokunos the Kobold Rogue began the quest for the Orb.
     0 | D:1      | Reached XP level 1. HP: 11/11 MP: 2/2
    33 | D:1      | Reached skill level 6 in Stealth
   268 | D:1      | Reached XP level 2. HP: 15/17 MP: 3/3
   818 | D:1      | Reached XP level 3. HP: 21/21 MP: 4/4
  1209 | D:2      | Reached skill level 7 in Stealth
  1538 | D:2      | Reached XP level 4. HP: 27/27 MP: 5/5
  2054 | D:3      | Noticed an ogre
  2090 | D:3      | Killed an ogre
  2090 | D:3      | Reached skill level 1 in Fighting
  2090 | D:3      | Reached skill level 1 in Dodging
  2090 | D:3      | Reached XP level 5. HP: 27/33 MP: 6/6
  2337 | D:3      | Found a faded altar of an unknown god.
  2356 | D:3      | Reached XP level 6. HP: 37/38 MP: 7/7
  2368 | D:3      | Became a worshipper of Lugonu the Unformed
  2368 | D:3      | Reached * piety under Lugonu
  2368 | D:3      | Reached ** piety under Lugonu
  2515 | D:3      | Fell from the grace of Lugonu
  2760 | D:4      | Found a basalt altar of Yredelemnul.
  2838 | D:4      | Noticed Dowan
  2851 | D:4      | Killed Dowan
  2852 | D:4      | Noticed Duvessa
  2864 | D:4      | Slain by Duvessa

Skill      XL: |  1  2  3  4  5  6 |
---------------+-------------------+-----
Stealth        | 6 7 |  7.6
Short Blades   | 3 4 |  4.6
Throwing       | 3 4 |  4.1
Fighting       | 1 |  1.7
Dodging        | 1 |  1.8
Evocations     | |  2.5

Action                   |  1- 3 |  4- 6 || total
-------------------------+-------+-------++-------
Melee: Dagger            |   101 |    87 ||   188
 Fire: Blowgun           |     9 |    35 ||    44
Invok: Renounce Religion |       |     1 ||     1
Evoke: Wand              |       |     1 ||     1
  Use: Scroll            |     5 |     1 ||     6
       Potion            |       |     1 ||     1
 Stab: Sleeping          |    13 |     3 ||    16
  Eat: Chunk             |     3 |     3 ||     6
       Ration            |       |     1 ||     1
Armor: Robe              |    15 |    14 ||    29
Dodge: Dodged            |    42 |    61 ||   103
